| TOP OF THE 1ST |
|
Peoria Chiefs batting - Pitching for Great Lakes Loons : RHP Pat Matera
|
|
Pitching: RHP Pat Matera
|
|
|
Batting: RHB Robby Hickman
|
0-0: Called Strike 0-1: Ball 1-1: Foul Ball, location: 2F 1-2: Ball 2-2: Strikes out looking
|
|
Batting: RHB Tommy Tracy
|
0-0: Ball 1-0: Ground out 1-5-3 (Groundball, 15S, EV 100.0 MPH)
|
|
Batting: SHB Gerardo Macias
|
0-0: Called Strike 0-1: Ball 1-1: Ball 2-1: Ground out 3-1 (Groundball, 3L, EV 101.9 MPH)
|
| Top of the 1st over - 0 runs, 0 hits, 0 errors, 0 left on base; Peoria 0 - Great Lakes 0 |
| BOTTOM OF THE 1ST |
|
Great Lakes Loons batting - Pitching for Peoria Chiefs : RHP Ben Cook
|
|
Pitching: RHP Ben Cook
|
|
|
Batting: LHB Nate Kee
|
0-0: Ball 1-0: Fly out, F7 (Flyball, 7S, EV 85.6 MPH)
|
|
Batting: LHB Tore Bosch
|
0-0: SINGLE (Line Drive, 6MD, EV 95.0 MPH)
|
|
Batting: LHB Jesus Ramirez
|
0-0: 2-RUN HOME RUN (Flyball, 7D, EV 97.5 MPH), Distance : 369 ft
|
|
Batting: SHB Xavier Alaniz
|
0-0: Foul Ball, location: 2F 0-1: Ball 1-1: Foul Ball, location: 2F 1-2: Ground out U3 (Groundball, 3, EV 81.2 MPH)
|
|
Batting: RHB Javier Solis
|
0-0: Swinging Strike 0-1: Swinging Strike 0-2: Ball 1-2: Foul Ball, location: 2F 1-2: Strikes out swinging
|
| Bottom of the 1st over - 2 runs, 2 hits, 0 errors, 0 left on base; Peoria 0 - Great Lakes 2 |
| TOP OF THE 2ND |
|
Peoria Chiefs batting - Pitching for Great Lakes Loons : RHP Pat Matera
|
|
Batting: RHB Edgar Landim
|
0-0: Called Strike 0-1: Ball 1-1: Called Strike 1-2: Ball 2-2: Strikes out swinging
|
|
Batting: LHB Ken Morehead
|
0-0: Foul Ball, location: 2F 0-1: Foul Ball, location: 2F 0-2: Foul Ball, location: 2F 0-2: Ball 1-2: Ball 2-2: Foul Ball, location: 2F 2-2: Ball 3-2: Fly out, F8 (Flyball, 8RS, EV 88.8 MPH)
|
|
Batting: RHB Pat Scaturro
|
0-0: Ball 1-0: Foul Ball, location: 2F 1-1: Ground out 6-3 (Groundball, 6, EV 85.0 MPH)
|
| Top of the 2nd over - 0 runs, 0 hits, 0 errors, 0 left on base; Peoria 0 - Great Lakes 2 |
| BOTTOM OF THE 2ND |
|
Great Lakes Loons batting - Pitching for Peoria Chiefs : RHP Ben Cook
|
|
Batting: LHB Jim Jardine
|
0-0: Ball 1-0: Ball 2-0: Ball 3-0: Called Strike 3-1: Ground out U3 (Groundball, 3, EV 85.6 MPH)
|
|
Batting: RHB Steve Clark
|
0-0: Called Strike 0-1: Called Strike 0-2: Ball 1-2: Ball 2-2: Ground out 6-3 (Groundball, P, EV 89.4 MPH)
|
|
Batting: RHB Ruben Serrata
|
0-0: Ball 1-0: Called Strike 1-1: Called Strike 1-2: Foul Ball, location: 2F 1-2: Foul Ball, location: 2F 1-2: Strikes out swinging
|
| Bottom of the 2nd over - 0 runs, 0 hits, 0 errors, 0 left on base; Peoria 0 - Great Lakes 2 |
| TOP OF THE 3RD |
|
Peoria Chiefs batting - Pitching for Great Lakes Loons : RHP Pat Matera
|
|
Batting: RHB Bobby Miles
|
0-0: Ball 1-0: Ball 2-0: Called Strike 2-1: Ball 3-1: Base on Balls
|
|
Batting: SHB Hank Arias
|
0-0: Called Strike 0-1: SINGLE (Flyball, 7LS, EV 94.4 MPH) Bobby Miles to second
|
|
Batting: RHB Geoff Musico
|
0-0: Fly out, F4 (Popup, 3S, EV 72.5 MPH)
|
|
Batting: RHB Robby Hickman
|
0-0: Called Strike 0-1: Foul Ball, location: 2F 0-2: Strikes out swinging
|
|
Batting: RHB Tommy Tracy
|
0-0: Called Strike 0-1: Ball 1-1: Fly out, F7 (Flyball, 7D, EV 90.0 MPH)
|
| Top of the 3rd over - 0 runs, 1 hit, 0 errors, 2 left on base; Peoria 0 - Great Lakes 2 |
| BOTTOM OF THE 3RD |
|
Great Lakes Loons batting - Pitching for Peoria Chiefs : RHP Ben Cook
|
|
Batting: RHB Jason Baldwin
|
0-0: Called Strike 0-1: Ball 1-1: Ball 2-1: Foul Ball, location: 2F 2-2: Ball 3-2: Ground out 5-3 (Groundball, 5L, EV 87.5 MPH)
|
|
Batting: LHB Nate Kee
|
0-0: Ball 1-0: Called Strike 1-1: SINGLE (Groundball, 25, EV 73.1 MPH) (infield hit)
|
|
Batting: LHB Tore Bosch
|
0-0: Called Strike Nate Kee is caught stealing 2nd base 2-6 0-1: Called Strike 0-2: Ball 1-2: Foul Ball, location: 2F 1-2: Ball 2-2: Foul Ball, location: 2F 2-2: Strikes out swinging
|
| Bottom of the 3rd over - 0 runs, 1 hit, 0 errors, 0 left on base; Peoria 0 - Great Lakes 2 |
| TOP OF THE 4TH |
|
Peoria Chiefs batting - Pitching for Great Lakes Loons : RHP Pat Matera
|
|
Batting: SHB Gerardo Macias
|
0-0: Ball 1-0: Ground out 4-3 (Groundball, 4, EV 83.8 MPH)
|
|
Batting: RHB Edgar Landim
|
0-0: Fly out, F8 (Flyball, 78D, EV 83.1 MPH)
|
|
Batting: LHB Ken Morehead
|
0-0: Ball 1-0: Called Strike 1-1: Swinging Strike 1-2: Strikes out swinging
|
| Top of the 4th over - 0 runs, 0 hits, 0 errors, 0 left on base; Peoria 0 - Great Lakes 2 |
| BOTTOM OF THE 4TH |
|
Great Lakes Loons batting - Pitching for Peoria Chiefs : RHP Ben Cook
|
|
Batting: LHB Jesus Ramirez
|
0-0: Called Strike 0-1: Called Strike 0-2: Ball 1-2: Ball 2-2: SINGLE (Groundball, 6M, EV 101.2 MPH) (infield hit)
|
|
Batting: SHB Xavier Alaniz
|
0-0: Ball 1-0: Fly out, F9 (Flyball, 89S, EV 90.0 MPH)
|
|
Batting: RHB Javier Solis
|
0-0: SINGLE (Groundball, 6MD, EV 94.4 MPH) Jesus Ramirez to second Runner from 2nd tries for 3rd, SAFE, throw by CF made to third
|
|
Batting: LHB Jim Jardine
|
0-0: Called Strike 0-1: Ball 1-1: Swinging Strike 1-2: Fielders Choice at 2nd, 6-4 (Groundball, 6M, EV 85.6 MPH) Jesus Ramirez scores
|
|
Batting: RHB Steve Clark
|
0-0: Ball 1-0: Reached on error, E6 (Groundball, 6, EV 81.2 MPH) Jim Jardine to second
|
|
Batting: RHB Ruben Serrata
|
0-0: Called Strike 0-1: Ground out U3 (Groundball, 3, EV 86.2 MPH)
|
| Bottom of the 4th over - 1 run, 2 hits, 1 error, 2 left on base; Peoria 0 - Great Lakes 3 |
| TOP OF THE 5TH |
|
Peoria Chiefs batting - Pitching for Great Lakes Loons : RHP Pat Matera
|
|
Batting: RHB Pat Scaturro
|
0-0: Called Strike 0-1: Ball 1-1: Swinging Strike 1-2: Ball 2-2: Strikes out swinging
|
|
Batting: RHB Bobby Miles
|
0-0: Fly out, F9 (Flyball, 89D, EV 97.5 MPH)
|
|
Batting: SHB Hank Arias
|
0-0: Ball 1-0: Ball 2-0: Called Strike 2-1: Ball 3-1: Ground out 5-3 (Groundball, 56, EV 91.9 MPH)
|
| Top of the 5th over - 0 runs, 0 hits, 0 errors, 0 left on base; Peoria 0 - Great Lakes 3 |
| BOTTOM OF THE 5TH |
|
Great Lakes Loons batting - Pitching for Peoria Chiefs : RHP Ben Cook
|
|
Batting: RHB Jason Baldwin
|
0-0: Swinging Strike 0-1: Ball 1-1: SINGLE (Groundball, 6MD, EV 94.4 MPH)
|
|
Batting: LHB Nate Kee
|
0-0: Called Strike 0-1: Called Strike 0-2: Ball 1-2: Grounds out, U3 (Groundball, 3L, EV 84.4 MPH)
|
|
Batting: LHB Tore Bosch
|
0-0: Ball 1-0: Called Strike 1-1: Ball 2-1: Ball 3-1: Ground out U3 (Groundball, 3L, EV 102.5 MPH) Jason Baldwin to third
|
|
Batting: LHB Jesus Ramirez
|
0-0: Called Strike 0-1: Ball 1-1: 2-RUN HOME RUN (Flyball, 89XD, EV 108.8 MPH), Distance : 404 ft
|
|
Pitching: RHP Steve Pierson
|
|
|
Batting: SHB Xavier Alaniz
|
0-0: Ball 1-0: Foul Ball, location: 2F 1-1: Ball 2-1: DOUBLE (Groundball, 3L, EV 101.9 MPH)
|
|
Batting: RHB Javier Solis
|
0-0: Foul Ball, location: 2F 0-1: Swinging Strike 0-2: Ball 1-2: Foul Ball, location: 2F 1-2: Strikes out swinging
|
| Bottom of the 5th over - 2 runs, 3 hits, 0 errors, 1 left on base; Peoria 0 - Great Lakes 5 |
| TOP OF THE 6TH |
|
Peoria Chiefs batting - Pitching for Great Lakes Loons : RHP Pat Matera
|
|
Batting: RHB Geoff Musico
|
0-0: Called Strike 0-1: SINGLE (Flyball, 3D, EV 94.4 MPH)
|
|
Batting: RHB Robby Hickman
|
0-0: Ball 1-0: Ball 2-0: Grounds into double play, 6-4-3 (Groundball, 6, EV 83.8 MPH)
|
|
Batting: RHB Tommy Tracy
|
0-0: Foul Ball, location: 2F 0-1: Ball 1-1: Ball 2-1: Ball 3-1: Base on Balls
|
|
Batting: SHB Gerardo Macias
|
0-0: Ball Pickoff Throw to First - Out! 1-3
|
| Top of the 6th over - 0 runs, 1 hit, 0 errors, 0 left on base; Peoria 0 - Great Lakes 5 |
| BOTTOM OF THE 6TH |
|
Great Lakes Loons batting - Pitching for Peoria Chiefs : RHP Steve Pierson
|
|
Batting: LHB Jim Jardine
|
0-0: Called Strike 0-1: Ground out 5-3 (Groundball, 5, EV 103.8 MPH)
|
|
Batting: RHB Steve Clark
|
0-0: Foul Ball, location: 2F 0-1: Ball 1-1: Ball 2-1: Ball 3-1: Base on Balls
|
|
Batting: RHB Ruben Serrata
|
0-0: Foul Ball, location: 2F 0-1: Ball 1-1: Ball 2-1: Fielders Choice at 2nd, 5-4 (Groundball, 56S, EV 89.4 MPH)
|
|
Batting: RHB Jason Baldwin
|
0-0: Ball 1-0: Ball 2-0: Ball 3-0: Called Strike 3-1: Foul Ball, location: 2F 3-2: Foul Ball, location: 2F 3-2: Strikes out swinging
|
| Bottom of the 6th over - 0 runs, 0 hits, 0 errors, 1 left on base; Peoria 0 - Great Lakes 5 |
| TOP OF THE 7TH |
|
Peoria Chiefs batting - Pitching for Great Lakes Loons : RHP Pat Matera
|
|
Batting: SHB Gerardo Macias
|
0-0: Ball 1-0: Called Strike 1-1: Ball 2-1: Swinging Strike 2-2: Foul Ball, location: 2F 2-2: Foul Ball, location: 2F 2-2: Strikes out swinging wild pitch, reaches first!
|
|
Batting: RHB Edgar Landim
|
0-0: Called Strike 0-1: Called Strike Gerardo Macias steals 2nd base 0-2: Ball 1-2: Foul Ball, location: 2F 1-2: Ball 2-2: SINGLE (Groundball, 56D, EV 106.2 MPH) Gerardo Macias to third Runner from 3rd tries for Home, SAFE, throw by LF to home
|
|
Batting: LHB Ken Morehead
|
0-0: Called Strike 0-1: DOUBLE (Flyball, 8RXD, EV 101.9 MPH) Edgar Landim to third
|
|
Batting: RHB Pat Scaturro
|
0-0: Foul Ball, location: 2F 0-1: Ground out 3-1 (Groundball, 34, EV 78.1 MPH) Edgar Landim scores Ken Morehead to third
|
|
Batting: RHB Bobby Miles
|
0-0: Called Strike 0-1: Swinging Strike 0-2: Ball 1-2: Foul Ball, location: 2F 1-2: Ball 2-2: Fly out, F8 (Flyball, 8RXD, EV 100.0 MPH) Runner from 3rd tags up, SCORES, no throw by CF
|
|
Batting: SHB Hank Arias
|
0-0: Ball 1-0: Foul Ball, location: 2F 1-1: Ball 2-1: Ground out 1-3 (Groundball, 34S, EV 73.8 MPH)
|
| Top of the 7th over - 3 runs, 2 hits, 0 errors, 0 left on base; Peoria 3 - Great Lakes 5 |
| BOTTOM OF THE 7TH |
|
Great Lakes Loons batting - Pitching for Peoria Chiefs : RHP Steve Pierson
|
|
Batting: LHB Nate Kee
|
0-0: Called Strike 0-1: Called Strike 0-2: Ball 1-2: Strikes out looking
|
|
Batting: LHB Tore Bosch
|
0-0: Ball 1-0: Swinging Strike 1-1: Called Strike 1-2: SOLO HOME RUN (Flyball, 9LD, EV 94.4 MPH), Distance : 353 ft
|
|
Batting: LHB Jesus Ramirez
|
0-0: Called Strike 0-1: Swinging Strike 0-2: Ball 1-2: Ball 2-2: Strikes out swinging
|
|
Batting: SHB Xavier Alaniz
|
0-0: Ball 1-0: SINGLE (Line Drive, 7S, EV 102.5 MPH)
|
|
Batting: RHB Javier Solis
|
0-0: Ball 1-0: Foul Ball, location: 2F 1-1: SINGLE (Groundball, 6MD, EV 109.4 MPH) Xavier Alaniz to second
|
|
Pitching: LHP Jake Hall
|
|
|
Batting: LHB Jim Jardine
|
0-0: Ball 1-0: Fly out, F9 (Flyball, 89S, EV 98.1 MPH)
|
| Bottom of the 7th over - 1 run, 3 hits, 0 errors, 2 left on base; Peoria 3 - Great Lakes 6 |
| TOP OF THE 8TH |
|
Peoria Chiefs batting - Pitching for Great Lakes Loons : RHP Pat Matera
|
|
Now at SS: Trevor Conklin
|
|
|
Batting: RHB Geoff Musico
|
0-0: Ball 1-0: Foul Ball, location: 2F 1-1: Ball 2-1: Ball 3-1: Foul Ball, location: 2F 3-2: Foul Ball, location: 2F 3-2: Base on Balls
|
|
Batting: RHB Robby Hickman
|
0-0: Ball 1-0: SINGLE (Flyball, 89S, EV 88.1 MPH) Geoff Musico to second
|
|
Pitching: RHP Matt Hager
|
|
|
Batting: RHB Tommy Tracy
|
0-0: Ball 1-0: 3-RUN HOME RUN (Flyball, 7D, EV 99.4 MPH), Distance : 364 ft
|
|
Batting: SHB Gerardo Macias
|
0-0: Ball 1-0: Called Strike 1-1: Called Strike 1-2: Strikes out swinging, 2-3 out at first.
|
|
Pinch Hitting: LHB Jorge Zarazua
|
0-0: Ball 1-0: Ground out 5-3 (Groundball, 6S, EV 72.5 MPH)
|
|
Batting: LHB Ken Morehead
|
0-0: Ball 1-0: Ball 2-0: Ball 3-0: Called Strike 3-1: Foul Ball, location: 2F 3-2: Foul Ball, location: 2F 3-2: Base on Balls
|
|
Batting: RHB Pat Scaturro
|
0-0: Called Strike 0-1: Ball 1-1: Ball 2-1: Reached on error, E5 (Groundball, 5, EV 90.0 MPH) Ken Morehead to second
|
|
Batting: RHB Bobby Miles
|
0-0: Ball Passed Ball! Ken Morehead to third Pat Scaturro to second 1-0: Intentional Walk
|
|
Batting: SHB Hank Arias
|
0-0: Ball Wild Pitch! Ken Morehead scores Pat Scaturro to third Bobby Miles to second 1-0: Intentional Walk
|
|
Batting: RHB Geoff Musico
|
0-0: Ball 1-0: Ball 2-0: Called Strike 2-1: Foul Ball, location: 2F 2-2: Strikes out swinging
|
| Top of the 8th over - 4 runs, 2 hits, 1 error, 3 left on base; Peoria 7 - Great Lakes 6 |
| BOTTOM OF THE 8TH |
|
Great Lakes Loons batting - Pitching for Peoria Chiefs : LHP Jake Hall
|
|
Now at 3B: Alex Melgoza
|
|
|
Batting: RHB Steve Clark
|
0-0: Ball 1-0: Called Strike 1-1: Ball 2-1: Ground out 6-3 (Groundball, 56, EV 88.8 MPH)
|
|
Batting: RHB Ruben Serrata
|
0-0: Called Strike 0-1: Ball 1-1: Ball 2-1: Ball 3-1: Base on Balls
|
|
Batting: RHB Jason Baldwin
|
0-0: Called Strike 0-1: Foul Ball, location: 2F 0-2: Ball 1-2: Fielders Choice at 2nd, 6-4 (Groundball, 6, EV 83.8 MPH)
|
|
Batting: LHB Nate Kee
|
0-0: Called Strike 0-1: Foul Ball, location: 2F 0-2: Ball 1-2: Ball 2-2: Ball 3-2: Foul Ball, location: 2F 3-2: Ground out 6-3 (Groundball, 4M, EV 101.9 MPH)
|
| Bottom of the 8th over - 0 runs, 0 hits, 0 errors, 1 left on base; Peoria 7 - Great Lakes 6 |
| TOP OF THE 9TH |
|
Peoria Chiefs batting - Pitching for Great Lakes Loons : RHP Matt Hager
|
|
Pitching: RHP Adonis Loyd
|
|
|
Batting: RHB Robby Hickman
|
0-0: Ball 1-0: Ball 2-0: Ball 3-0: Base on Balls
|
|
Batting: RHB Tommy Tracy
|
0-0: Ball 1-0: Called Strike 1-1: Fly out, F9 (Flyball, 9LD, EV 94.4 MPH)
|
|
Batting: SHB Gerardo Macias
|
0-0: Ball 1-0: Ball 2-0: Called Strike 2-1: Foul Ball, location: 2F 2-2: SINGLE (Line Drive, 34, EV 103.1 MPH) Robby Hickman to second
|
|
Batting: RHB Alex Melgoza
|
0-0: Called Strike Robby Hickman steals 3rd base Gerardo Macias to second 0-1: Called Strike 0-2: Ball 1-2: Ball 2-2: Fly out, F7 (Line Drive, 7, EV 88.1 MPH)
|
|
Batting: LHB Ken Morehead
|
0-0: Intentional Walk
|
|
Batting: RHB Pat Scaturro
|
0-0: DOUBLE (Line Drive, 7LM, EV 110.0 MPH) Robby Hickman scores Gerardo Macias scores Ken Morehead to third
|
|
Batting: RHB Bobby Miles
|
0-0: Intentional Walk
|
|
Batting: SHB Hank Arias
|
0-0: Foul Ball, location: 2F 0-1: Called Strike 0-2: Ball 1-2: Strikes out looking
|
| Top of the 9th over - 2 runs, 2 hits, 0 errors, 3 left on base; Peoria 9 - Great Lakes 6 |
| BOTTOM OF THE 9TH |
|
Great Lakes Loons batting - Pitching for Peoria Chiefs : LHP Jake Hall
|
|
Pitching: RHP Juan Gomez
|
|
|
Batting: LHB Tore Bosch
|
0-0: Ball 1-0: Foul Ball, location: 2F 1-1: Ball 2-1: Ball 3-1: DOUBLE (Line Drive, 78M, EV 106.2 MPH)
|
|
Batting: LHB Jesus Ramirez
|
0-0: Called Strike 0-1: Called Strike 0-2: Ball 1-2: Ball 2-2: Ball 3-2: Strikes out swinging
|
|
Batting: SHB Xavier Alaniz
|
0-0: Ball 1-0: Called Strike 1-1: Foul Ball, location: 2F 1-2: Foul Ball, location: 2F 1-2: Ball 2-2: Foul Ball, location: 2F 2-2: Strikes out swinging
|
|
Batting: RHB Javier Solis
|
0-0: Ball 1-0: Swinging Strike 1-1: Ball 2-1: Foul Ball, location: 2F 2-2: Ball 3-2: Foul Ball, location: 2F 3-2: Ground out 6-3 (Groundball, 6, EV 77.5 MPH)
|
| Bottom of the 9th over - 0 runs, 1 hit, 0 errors, 1 left on base; Peoria 9 - Great Lakes 6 |
|